 Dungeon Crawl Stone Soup version 0.20-a0-1009-gc986637 (webtiles) character file.

1145 MrRokkomies the Skirmisher (level 8, 0/68 HPs)
             Began as a Bultungin Arcane Marksman on Apr 15, 2017.
             Succumbed to an orc wizard's poison
             ... on level 5 of the Dungeon.
             The game lasted 00:13:57 (5324 turns).

MrRokkomies the Skirmisher (BuAM)                   Turns: 5324, Time: 00:13:58

Health: 0/68       AC:  6    Str: 11    XL:     8   Next: 37%
Magic:  10/10      EV: 14    Int: 18    God:
Gold:   110        SH:  2    Dex: 15    Spells: 4/10 levels left

rFire    . . .     SeeInvis +   b - +0 trident
rCold    + . .     Gourm    .   (no shield)
rNeg     . . .     Faith    .   h - +0 ring mail
rPois    .         Spirit   .   l - +0 helmet
rElec    .         Reflect  +   (no cloak)
rCorr    .         Harm     .   (no gloves)
MR       .....     Clarity  +   (no boots)
Stlth    +.........             e - +2 amulet of reflection
Regen    0.3/turn               (no ring)
MPRegen  0.2/turn               (no ring)

@: brilliant, lethally poisoned (0 -> -18)
A: short attention span, fangs 1, see invisible, clarity, cold resistance 1,
evolution 1, no potion heal 1, strong nose
a: no special abilities


You were on level 5 of the Dungeon.
You were hungry.

You visited 1 branch of the dungeon, and saw 5 of its levels.

You collected 110 gold pieces.

Inventory:

Hand Weapons
 a - a +1 hand crossbow
 b - a +0 trident (weapon)
Armour
 h - a +0 ring mail (worn)
 l - a +0 helmet (worn)
Jewellery
 e - a +2 amulet of reflection (around neck)
Scrolls
 g - a scroll of fog
 j - 4 scrolls of identify
 o - a scroll of remove curse
 p - a scroll of enchant weapon
 q - a scroll of magic mapping
Books
 c - a book of Debilitation

   Spells                             Type                      Level
   a - Corona                         Hexes                        1
   b - Slow                           Hexes                        2
   c - Inner Flame                    Hexes/Fire                   3
   d - Portal Projectile              Hexes/Translocation          3
   e - Cause Fear                     Hexes                        4
   f - Leda's Liquefaction            Hexes/Earth                  4
Comestibles
 f - 4 bread rations
 m - a meat ration
 s - a royal jelly


   Skills:
 * Level 7.9 Fighting
 - Level 6.0 Crossbows
 * Level 6.3 Dodging
 - Level 1.7 Spellcasting
 - Level 6.2 Hexes
 - Level 6.3 Translocations


You had 4 spell levels left.
You knew the following spells:

 Your Spells              Type           Power        Failure   Level  Hunger
a - Corona                Hex            ####...      1%          1    #......
b - Slow                  Hex            ####....     1%          2    ###....
c - Portal Projectile     Hex/Tloc       #####.       1%          3    ###....


Dungeon Overview and Level Annotations

Branches:
Dungeon (5/15)
 Temple: D:4-7

Altars:
Ashenzari
Dithmenos
Hepliaklqana
Kikubaaqudgha
Makhleb
Trog
Uskayaw
Vehumet

Annotations:
D:4 MrRokkomies's ghost, amateur BuAM
D:5 Edmund


Innate Abilities, Weirdness & Mutations

You have a short attention span.
You have very sharp teeth.
You have supernaturally acute eyesight. (SInv)
Your uncanny sense of smell can sniff out nearby items.
You possess an exceptional clarity of mind.
Your flesh is cold resistant. (rC+)
You evolve.
Potions are less effective at restoring your health.


Message History

You puncture the orc wizard!
You kill the orc wizard!
* * * LOW HITPOINT WARNING * * *
You feel very sick.
Okay, then.
Unknown command.
You feel clever all of a sudden.
* * * LOW HITPOINT WARNING * * *
You feel sick. The howler monkey barely misses you.
* * * LOW HITPOINT WARNING * * *
You feel sick.
The howler monkey hits you but does no damage. x2
Edmund the Younger comes into view.
He is wielding a flail of protection.
Things that are here:
a hand axe; an orc corpse
* * * LOW HITPOINT WARNING * * *
You feel sick.
The howler monkey hoots and howls with incredible vigour!
You hear a shout! x4
You die...

.###############
>....())h......@
#..(..##h#######
#.... #.# #...
#@# #.. #.# #.
#.# # #.# #.#
#.# #.# #.# ###
#.# #..


You could see 2 howler monkeys.

Vanquished Creatures
  Sigmund (D:5)
  A sky beast (D:5)
  3 ogres (D:4)
  A centaur (D:5)
  2 scorpions
  A howler monkey (D:4)
  A hound (D:4)
  An orc priest (D:5)
  An orc wizard (D:5)
  An iguana (D:4)
  Natasha (thrice) (D:4)
  3 worker ants (D:5)
  A hound skeleton (D:4)
  5 adders
  A shadow imp (D:5)
  An ooze (D:2)
  An adder skeleton (D:4)
  4 worms
  A dart slug (D:2)
  5 leopard geckos
  5 orcs
  8 bats
  4 giant cockroaches
  6 goblins
  3 hobgoblins
  4 jackals (D:1)
  5 quokkas
  A ball python (D:3)
  2 frilled lizards
  10 kobolds
  A leopard gecko skeleton (D:4)
  9 rats
96 creatures vanquished.

Vanquished Creatures (others)
  4 toadstools (D:1)
4 creatures vanquished.

Grand Total: 100 creatures vanquished

Notes
Turn   | Place    | Note
-------+----------+-------------------------------------------
     0 | D:1      | MrRokkomies the Bultungin Arcane Marksman began the quest for the Orb.
     0 | D:1      | Reached XP level 1. HP: 15/15 MP: 3/3
   367 | D:1      | Reached XP level 2. HP: 18/21 MP: 4/4
   712 | D:1      | Reached skill level 5 in Hexes
   893 | D:1      | Reached XP level 3. HP: 24/26 MP: 3/5
  1259 | D:2      | Noticed a hand axe
  1260 | D:2      | Noticed a dagger
  1262 | D:2      | Found a hide-covered altar of Uskayaw.
  1391 | D:2      | Found a shattered altar of Ashenzari.
  1547 | D:2      | Noticed a moth of wrath
  1559 | D:2      | Reached XP level 4. HP: 31/32 MP: 6/6
  1649 | D:2      | Learned a level 2 spell: Slow
  1654 | D:2      | Learned a level 3 spell: Portal Projectile
  1733 | D:2      | Found a bloodstained altar of Trog.
  1864 | D:2      | Reached skill level 5 in Crossbows
  1938 | D:3      | Found a shadowy altar of Dithmenos.
  2025 | D:3      | Found a faded altar of an unknown god.
  2770 | D:4      | Noticed MrRokkomies's ghost (amateur BuAM)
  2802 | D:3      | Reached XP level 5. HP: 12/37 MP: 5/7
  3169 | D:4      | Reached skill level 2 in Fighting
  3408 | D:4      | Noticed Natasha
  3414 | D:4      | Killed Natasha
  3414 | D:4      | Reached skill level 3 in Fighting
  3414 | D:4      | Reached XP level 6. HP: 43/47 MP: 4/8
  3512 | D:4      | Gained mutation: Your flesh is cold resistant. (rC+) [potion of mutation]
  3512 | D:4      | Gained mutation: Potions are less effective at restoring your health. [potion of mutation]
  3512 | D:4      | Gained mutation: You possess an exceptional clarity of mind. [potion of mutation]
  3512 | D:4      | Gained mutation: You evolve. [potion of mutation]
  3535 | D:4      | Noticed Natasha
  3548 | D:4      | Killed Natasha
  4014 | D:4      | Reached skill level 4 in Fighting
  4014 | D:4      | Reached skill level 5 in Translocations
  4243 | D:4      | Noticed Natasha
  4249 | D:4      | Killed Natasha
  4249 | D:4      | Reached XP level 7. HP: 55/55 MP: 5/9
  4293 | D:4      | Reached skill level 5 in Fighting
  4357 | D:4      | Reached skill level 6 in Fighting
  4652 | D:5      | Entered Level 5 of the Dungeon
  4722 | D:5      | Found an ancient bone altar of Kikubaaqudgha.
  4728 | D:5      | Found a radiant altar of Vehumet.
  4729 | D:5      | Found a hazy altar of Hepliaklqana.
  4737 | D:5      | Noticed Sigmund
  4765 | D:5      | Killed Sigmund
  4765 | D:5      | Reached skill level 7 in Fighting
  4765 | D:5      | Reached skill level 5 in Dodging
  4765 | D:5      | Reached XP level 8. HP: 43/67 MP: 6/10
  4802 | D:5      | Found a burning altar of Makhleb.
  5322 | D:5      | HP: 2/68 [poisoned by an orc wizard]
  5323 | D:5      | Noticed Edmund
  5324 | D:5      | Succumbed to an orc wizard's poison

Vault maps used:
D:1:      ldierk_water_garden, minmay_pentomino_x2
D:2:      lemuel_doored_altar, dancing_weapons_uskayaw, tgw_trog
D:3:      nicolae_dithmenos_through_a_glass_darkly,
          chequers_ecumenical_altar_grove, first_bread
D:4:      uniq_natasha, uniq_grinder
D:5:      minmay_overflow_temple_star_quad, nicolae_overflow_quartered_altars,
          zaba_anthole, okawaru_trees_1, uniq_edmund, uniq_sigmund

Skill      XL: |  1  2  3  4  5  6  7  8 |
---------------+-------------------------+-----
Hexes          | 5 6 |  6.2
Crossbows      | 4 6 |  6.0
Translocations | 2 3 5 6 |  6.3
Fighting       | 3 4 7 |  7.9
Dodging        | 5 6 |  6.3
Spellcasting   | |  1.7

Action                   |  1- 3 |  4- 6 |  7- 9 || total
-------------------------+-------+-------+-------++-------
Melee: Unarmed           |    23 |       |       ||    23
       Bite              |    13 |    15 |    10 ||    38
       Dagger            |   116 |    38 |       ||   154
       Trident           |       |   131 |    58 ||   189
 Fire: Hand crossbow     |    34 |    45 |    60 ||   139
 Cast: Corona            |     1 |    12 |    14 ||    27
       Slow              |       |     2 |     4 ||     6
  Use: Scroll            |     4 |     5 |     1 ||    10
       Potion            |       |     2 |     5 ||     7
 Stab: Sleeping          |     1 |       |     1 ||     2
  Eat: Chunk             |     2 |     9 |     4 ||    15
Armor: Leather armour    |     4 |       |       ||     4
       Robe              |     3 |       |       ||     3
       Ring mail         |    60 |    70 |    21 ||   151
Dodge: Dodged            |   135 |   100 |    69 ||   304
Block: Other             |     3 |    14 |     5 ||    22
